 Dungeon Crawl Stone Soup version 0.17.0-15-g6d90897 (webtiles) character file.

2740 oplop the Firebug (level 9, -4/70 HPs)
             Began as a Grey Draconian Fire Elementalist on Nov 10, 2015.
             Was a Follower of Vehumet.
             Killed from afar by an electric eel (12 damage)
             ... with a bolt of electricity
             ... on level 8 of the Dungeon.
             The game lasted 00:17:31 (6679 turns).

oplop the Firebug (DrFE)                            Turns: 6679, Time: 00:17:32

Health: -4/70      AC: 13    Str: 12    XL:     9   Next: 40%
Magic:  15/18      EV: 14    Int: 18    God:    Vehumet [*.....]
Gold:   467        SH:  0    Dex: 11    Spells: 4 memorised, 9 levels left

rFire  . . .     SeeInvis +     w - +0 whip
rCold  + . .     Clarity  .     (armour unavailable)
rNeg   . . .     SustAt   .     (no shield)
rPois  .         Gourm    +     (helmet restricted)
rElec  .         Spirit   .     (no cloak)
rCorr  .         Warding  .     B - +0 pair of gloves
rMut   .         Stasis   .     (no boots)
MR     .....                    C - amulet of the gourmand
Stlth  ++........               m - ring of see invisible
                                t - ring of protection from cold

@: not resistant to hostile enchantments, unstealthy
A: walk through water, unfitting armour, unbreathing, cold-blooded, AC +12
a: Renounce Religion


You were on level 8 of the Dungeon.
You worshipped Vehumet.
Vehumet was aware of your devotion.
You were not hungry.

You visited 2 branches of the dungeon, and saw 9 of its levels.

You collected 467 gold pieces.

Inventory:

Hand Weapons
 w - a +0 whip (weapon)
Armour
 B - a +0 pair of gloves (worn)
Jewellery
 m - a ring of see invisible (right hand)
 p - an uncursed ring of positive energy
 t - a ring of protection from cold (left hand)
 A - an uncursed ring of protection from cold
 C - an amulet of the gourmand (around neck)
Scrolls
 c - 5 scrolls of enchant armour {unknown}
 d - 2 scrolls of magic mapping {unknown}
 e - 3 scrolls of remove curse {unknown}
 h - 2 scrolls of random uselessness {unknown}
 i - 7 scrolls of identify {unknown}
 s - 5 scrolls of teleportation {unknown}
 u - 3 scrolls of enchant weapon {unknown}
 y - a scroll of fog {unknown}
 D - 3 scrolls of holy word {unknown}
Potions
 f - 2 potions of lignification {unknown}
 j - a potion of haste {unknown}
 k - a potion of brilliance {unknown}
 l - a potion of degeneration {unknown}
 n - a potion of agility {unknown}
 q - 3 potions of magic {unknown}
 v - a potion of might {unknown}
 x - a potion of flight {unknown}
 z - a potion of heal wounds {unknown}
 E - 2 potions of poison {unknown}
 F - a potion of resistance {unknown}
Books
 a - a book of Flames

   Spells                             Type                      Level
   a - Flame Tongue                   Conjuration/Fire             1
   b - Throw Flame                    Conjuration/Fire             2
   c - Conjure Flame                  Conjuration/Fire             3
   d - Inner Flame                    Hexes/Fire                   3
   e - Sticky Flame                   Conjuration/Fire             4
   f - Fireball                       Conjuration/Fire             5
Comestibles
 b - 8 bread rations
 g - 6 meat rations
 o - 2 fruits
 r - 3 slices of pizza


   Skills:
 + Level 3.4 Fighting
 - Level 5.1 Dodging
 - Level 1.7 Stealth
 + Level 6.2 Spellcasting
 + Level 6.5 Conjurations
 + Level 7.3 Fire Magic


You had 9 spell levels left.
You knew the following spells:

 Your Spells              Type           Power        Failure   Level  Hunger
a - Flame Tongue          Conj/Fire      ####.        1%          1    None
b - Conjure Flame         Conj/Fire      ####....     2%          3    ##.....
c - Sticky Flame          Conj/Fire      ####....     10%         4    ####...
d - Inner Flame           Hex/Fire       ###.....     10%         3    ##.....


Dungeon Overview and Level Annotations

Branches:
Dungeon (8/15)             Temple (1/1) D:7            Lair (0/8) D:8

Altars:
Cheibriados
Dithmenos
Elyvilon
Fedhas
Gozag
Kikubaaqudgha
Makhleb
Nemelex Xobeh
Qazlal
Ru
Sif Muna
Trog
Vehumet
Yredelemnul
Zin
The Shining One

Annotations:
D:4 Eustachio
D:6 Alipheese's ghost, novice NaSu; Sigmund


Innate Abilities, Weirdness & Mutations

You can walk through water.
Your dull iron-grey scales are very hard (AC +12).
Your body does not fit into most forms of armour.
You can survive without breathing.
You are cold-blooded and may be slowed by cold attacks.


Message History

Confirm with . or Enter, or press ? or * to list all spells.
Aiming: Flame Tongue
Press: ? - help, Shift-Dir - straight line, f/p - electric eel
Aim: an electric eel (steam, water, severely wounded)
The flame tongue misses the electric eel.
The electric eel is engulfed in a cloud of scalding steam.
The electric eel shoots out a bolt of lightning at you!
The bolt of electricity hits you! x2
* * * LOW HITPOINT WARNING * * *
Casting: Flame Tongue
Confirm with . or Enter, or press ? or * to list all spells.
Aiming: Flame Tongue
Press: ? - help, Shift-Dir - straight line, f/p - electric eel
Aim: an electric eel (steam, water, almost dead)
The flame tongue hits the electric eel.
You kill the electric eel!
Vehumet accepts your kill.
The electric eel shoots out a bolt of lightning at you!
The bolt of electricity hits you!
You die...

.>...............
.....≈≈≈≈≈≈≈..... #.####
≈.≈≈.≈;≈≈≈≈≈..... ..#...
≈≈≈≈≈≈≈≈≈≈≈...... #.#.##
≈≈≈≈≈≈≈.≈........ #.#.#
≈≈≈≈≈§§..;≈...# #.#.#
≈≈≈≈≈..≈...≈..# #.#.#
≈≈≈≈.....?....######.#)#
.....###@##............#
###..# #÷# #######.#.###
...# #.# #####.#.# #..# #.#
#.......#### #..# #.#
#.##........
#####..###(#####.##..######
#......))(#......##..######
...###..###.########.......#
####..# #...........####.#


You could see 2 electric eels.

Vanquished Creatures
  A troll (D:8)
  Menkaure (D:7)
  3 wolves (D:8)
  2 phantoms
  An ogre (D:7)
  2 sky beasts
  A big kobold (D:8)
  6 giant frogs
  2 scorpions
  3 wights (D:7)
  3 electric eels (D:8)
  A giant frog zombie (D:8)
  A hound (D:4)
  An orc wizard (D:3)
  A jelly (D:8)
  3 centaur skeletons
  2 orc priests (D:5)
  2 iguanas
  4 worker ants
  2 killer bee zombies
  A hound skeleton (D:4)
  11 gnolls
  9 adders
  A shadow imp (D:5)
  An ooze (D:1)
  2 adder skeletons
  4 worms
  3 giant geckos
  14 orcs
  5 giant cockroaches
  3 goblins
  4 hobgoblins
  8 jackals
  17 kobolds
  3 ball pythons
  9 bats
  7 giant newts
  A jackal skeleton (D:5)
  3 quokkas
  A quokka skeleton (D:4)
  4 rats (D:1)
153 creatures vanquished.

Vanquished Creatures (others)
  A jackal (D:8)
1 creature vanquished.

Grand Total: 154 creatures vanquished

Notes
Turn   | Place    | Note
--------------------------------------------------------------
     0 | D:1      | oplop the Draconian Fire Elementalist began the quest for the Orb.
     0 | D:1      | Reached XP level 1. HP: 14/14 MP: 3/3
   168 | D:1      | Reached XP level 2. HP: 20/20 MP: 0/5
   660 | D:2      | Found a bloodstained altar of Trog.
   674 | D:2      | Reached XP level 3. HP: 20/26 MP: 1/6
  1284 | D:3      | Found a faded altar to an unknown god.
  1316 | D:3      | Found an opulent altar of Gozag.
  1549 | D:3      | Learned a level 3 spell: Conjure Flame
  1564 | D:3      | Reached XP level 4. HP: 33/33 MP: 5/7
  1904 | D:4      | Noticed a phantom
  1988 | D:4      | Reached skill level 4 in Fire Magic
  1988 | D:4      | Reached XP level 5. HP: 4/38 MP: 3/9
  2261 | D:4      | Noticed Eustachio
  2806 | D:4      | Killed a phantom
  2806 | D:4      | Reached XP level 6. HP: 18/45 MP: 1/11
  2834 | D:4      | Found a snail-covered altar of Cheibriados.
  2885 | D:4      | Found a blossoming altar of Fedhas.
  3056 | D:4      | Found a stormy altar of Qazlal.
  3058 | D:4      | Found a white marble altar of Elyvilon.
  3247 | D:4      | Reached skill level 5 in Fire Magic
  3247 | D:4      | Your scales start taking on a dull iron-grey colour.
  3247 | D:4      | Gained mutation: You can survive without breathing. [Grey Draconian growth]
  3247 | D:4      | Reached XP level 7. HP: 40/50 MP: 5/12
  3309 | D:5      | Entered Level 5 of the Dungeon
  3334 | D:5      | Noticed Sigmund
  3482 | D:5      | Found a sparkling altar of Nemelex Xobeh.
  3864 | D:6      | Noticed Alipheese's ghost (novice NaSu)
  3907 | D:5      | Learned a level 4 spell: Sticky Flame
  4346 | D:7      | Learned a level 3 spell: Inner Flame
  4372 | D:7      | Reached XP level 8. HP: 54/57 MP: 8/15
  4385 | D:7      | Noticed Menkaure
  4389 | D:7      | Killed Menkaure
  4503 | D:7      | Reached skill level 5 in Conjurations
  4506 | D:7      | Reached skill level 5 in Spellcasting
  4506 | D:7      | Reached skill level 6 in Fire Magic
  4682 | D:7      | Found a staircase to the Ecumenical Temple.
  4689 | Temple   | Entered the Ecumenical Temple
  4777 | Temple   | Became a worshipper of Vehumet
  5228 | D:7      | Reached skill level 5 in Dodging
  5274 | D:7      | Found a basalt altar of Yredelemnul.
  5859 | D:8      | Noticed a troll
  5871 | D:8      | Killed a troll
  5871 | D:8      | Reached skill level 1 in Fighting
  6014 | D:8      | Reached XP level 9. HP: 65/67 MP: 13/17
  6219 | D:8      | Found a staircase to the Lair.
  6230 | D:8      | HP: 3/67 [wolf (7)]
  6232 | D:8      | Reached skill level 7 in Fire Magic
  6559 | D:8      | Reached * piety under Vehumet
  6559 | D:8      | Offered knowledge of Magic Dart by Vehumet.
  6679 | D:8      | Killed from afar by an electric eel

Action                   |  1- 3 |  4- 6 |  7- 9 || total
-------------------------+-------+-------+-------++-------
Melee: Unarmed           |    11 |       |    15 ||    26
       Short sword       |    44 |     1 |       ||    45
       Whip              |       |    32 |   252 ||   284
 Cast: Flame Tongue      |    64 |   122 |   163 ||   349
       Conjure Flame     |       |     1 |     2 ||     3
       Sticky Flame      |       |       |    18 ||    18
       Inner Flame       |       |       |     1 ||     1
 Stab: Sleeping          |     3 |       |     1 ||     4
  Eat: Chunk             |     3 |     5 |    20 ||    28
       Royal jelly       |       |       |     1 ||     1
